[Event "Texas Collegiate chT 2017"]
[Site "Brownsville"]
[Date "2017.10.22"]
[Round "3"]
[White "Ruiz Castillo, Joshua Daniel"]
[Black "Concha Munoz, Claudia"]
[Result "1-0"]
[ECO "C14"]
[WhiteElo "2379"]
[BlackElo "1862"]
[Annotator "NA"]
[PlyCount "75"]
[EventDate "2017.??.??"]
[EventType "team-tourn"]
[EventCountry "USA"]
[SourceTitle "playchess.com"]
[Source "ChessBase"]
[SourceQuality "1"]
[TimeControl "5400+30"]

1. e4 e6 2. d4 d5 3. Nc3 Nf6 4. Bg5 Be7 5. e5 Nfd7 6. Bxe7 Qxe7 7. f4 a6 8. Nf3 c5 9. Bd3 Nc6 10. O-O Nxd4 {[%emt 0:10:39] C14: French: Classical System: 4 Bg5 Be7 main line} (10... b5 11. a3 g6 12. dxc5 Qxc5+ 13. Kh1 Bb7 14. Qe1 Rc8 15. Qh4 Qe7 16. Qh6 Qf8 17. Qh3 Nc5 18. Ng5 {0-1 (30) Bozanic,I (2234)-Muratovic,E (2277) Zadar 2013}) 11. Nxd4 cxd4 12. Ne2 Qc5 $146 ({Predecessor:} 12... Qb4 13. c3 dxc3 14. bxc3 Qc5+ 15. Kh1 g6 16. Rc1 b6 17. Qe1 Bb7 18. Nd4 {0-1 (50) Rosenhain,R (1730)-Riedel,E (1758) Hannover 2015}) 13. Qe1 f5 14. Qf2 O-O 15. Nxd4 Nb8 16. Rfc1 Nc6 17. Nxc6 Qxf2+ 18. Kxf2 bxc6 19. c4 Rb8 20. b3 Rb4 21. Rab1 Bd7 22. a3 Rb6 23. b4 Ra8 24. Ke3 Kf7 25. Kd4 Ke7 $16 26. cxd5 exd5 27. Rc5 Ke6 28. Ra5 Bc8 29. Rc1 g6 30. h3 Rab8 31. g4 Kf7 32. Rac5 Bd7 33. gxf5 gxf5 34. Rg1 h6 35. Ra5 Bc8 36. Kc5 Bd7 37. Bxa6 Be6 38. Be2 1-0